 Seeded DCSS version 0.25.1-8-g42b30a86e7 (webtiles) character file.

Game seed: 20201210 (custom seed)

656030 radhat240 the Axe Maniac (level 27, -1/273 HPs)
             Began as a Minotaur Fighter on Dec 17, 2020.
             Was the Champion of Makhleb.
             Killed from afar by an orb of fire (37 damage)
             ... with a fireball
             ... on level 5 of the Realm of Zot on Dec 18, 2020.
             The game lasted 05:25:54 (53229 turns).

radhat240 the Axe Maniac (Minotaur Fighter)        Turns: 53229, Time: 05:25:55

Health: -1/273     AC: 58    Str: 34    XL:     27
Magic:  39/39      EV:  9    Int:  8    God:    Makhleb [******]
Gold:   3397       SH: 37    Dex: 18    Spells: 26/26 levels left

rFire    + + .     SeeInvis .   q - +9 broad axe (vorpal)
rCold    + . .     Gourm    .   m - +8 tower shield {AC+3}
rNeg     . . .     Faith    .   B - +10 crystal plate armour of the Orcish Mines {rF+ Str+2 Dex+3}
rPois    +         Spirit   .   K - +2 hat {Int+3}
rElec    +         Reflect  +   V - +2 cloak {rCorr}
rCorr    +         Harm     .   l - +2 pair of gloves {Dex+3}
MR       ++++.     Clarity  +   E - +2 pair of boots {run}
Stlth    ..........             Y - amulet of the Stag {Reflect rPois rF- Slay+2 SH+5}
HPRegen  0.55/turn              z - ring of Keihuv {MR++ MP+9}
MPRegen  0.26/turn              p - ring of protection from fire

@: resistant, marked, quick
A: retaliatory headbutt, horns 2, clarity, low mp 1, screaming 1
}: 3/15 runes: decaying, serpentine, silver
a: Minor Destruction, Lesser Servant of Makhleb, Major Destruction, Greater
Servant of Makhleb, Renounce Religion


You were on level 5 of the Realm of Zot.
You worshipped Makhleb.
Makhleb was exalted by your worship.
You were not hungry.

You visited 10 branches of the dungeon, and saw 50 of its levels.
You also visited: Sewer, Bailey and Wizlab.

You collected 9652 gold pieces.
You spent 6255 gold pieces at shops.

Inventory:

Hand Weapons
 q - a +9 vorpal broad axe (weapon)
Missiles
 b - 11 javelins (quivered)
 O - 18 silver javelins
Armour
 l - a +2 pair of gloves of dexterity (worn)
 m - a +8 tower shield of protection (worn)
 B - the +10 crystal plate armour of the Orcish Mines (worn) {rF+ Str+2 Dex+3}
   (You acquired it in a bailey)

   It affects your strength (+2).
   It affects your dexterity (+3).
   It protects you from fire.
 E - a +2 pair of boots of running (worn)
 K - a +2 hat of intelligence (worn)
 V - a +2 cloak of preservation (worn)
Jewellery
 h - an uncursed amulet of regeneration
 o - a cursed -4 ring of evasion {unknown}
 p - a ring of protection from fire (right hand)
 w - a +6 ring of strength
 z - the ring of Keihuv (left hand) {MR++ MP+9}
   (You found it in a bailey)

   [ring of magical power]

   It affects your resistance to hostile enchantments.
   It affects your magic capacity (+9).
 F - an uncursed ring of see invisible
 H - a +6 ring of intelligence
 R - an uncursed ring of protection from cold
 Y - the amulet of the Stag (around neck) {Reflect rPois rF- Slay+2 SH+5}
   (You bought it in a shop on level 1 of the Elven Halls)

   [amulet of reflection]

   It shields you and reflects attacks.
   It affects your accuracy and damage with ranged weapons and melee attacks
   (+2).
   It makes you vulnerable to fire.
   It protects you from poison.
   It affects your SH (+5).
Wands
 i - a wand of clouds (4)
 s - a wand of digging (1)
 C - a wand of paralysis (20)
 M - a wand of iceblast (24)
 Q - a wand of flame (13)
Scrolls
 a - 7 scrolls of fog
 e - a scroll of enchant armour
 g - 5 scrolls of magic mapping
 k - 8 scrolls of teleportation
 n - 22 scrolls of remove curse
 r - 4 scrolls of blinking
 v - a scroll of fear
 y - 12 scrolls of immolation
 D - a scroll of holy word
 J - a scroll of brand weapon
 N - 2 scrolls of silence
 S - 19 scrolls of identify
 T - 9 scrolls of enchant weapon
 X - 4 scrolls of summoning
Potions
 c - 7 potions of lignification
 d - 7 potions of might
 j - 25 potions of curing
 t - 7 potions of haste
 u - 5 potions of ambrosia
 x - a potion of heal wounds
 A - 8 potions of mutation
 G - 2 potions of resistance
 L - 3 potions of flight
 P - a potion of stabbing
 W - 2 potions of cancellation
 Z - 2 potions of berserk rage
Comestibles
 f - 111 rations


   Skills:
 O Level 27 Fighting
 O Level 27 Axes
 O Level 27 Armour
 - Level 0.6 Dodging
 O Level 27 Shields
 + Level 16.3 Invocations


You had 26 spell levels left.
You didn't know any spells.
Your spell library contained the following spells:

 Spells                   Type           Power        Failure   Level  Hunger
 Animate Skeleton         Necr           N/A          88%         1    ##.....
 Apportation              Tloc           #.....       88%         1    ##.....
 Beastly Appendage        Tmut           #.....       88%         1    ##.....
 Corona                   Hex            #......      88%         1    ##.....
 Foxfire                  Conj/Fire      #...         88%         1    ##.....
 Freeze                   Ice            #...         88%         1    ##.....
 Infusion                 Chrm           #...         88%         1    ##.....
 Sandblast                Erth           #.....       88%         1    ##.....
 Summon Small Mammal      Summ           #...         88%         1    ##.....
 Corpse Rot               Necr/Air       N/A          96%         2    ###....
 Ensorcelled Hibernation  Hex/Ice        #.....       96%         2    ###....
 Passwall                 Tmut/Erth      #.......     96%         2    ###....
 Searing Ray              Conj           #.....       96%         2    ###....
 Shroud of Golubria       Chrm/Tloc      #.....       96%         2    ###....
 Slow                     Hex            #.......     96%         2    ###....
 Song of Slaying          Chrm           #.......     96%         2    ###....
 Sticks to Snakes         Tmut           #.......     96%         2    ###....
 Swiftness                Chrm/Air       #.......     96%         2    ###....
 Confusing Touch          Hex            #.......     99%         3    ####...
 Conjure Flame            Conj/Fire      #.......     99%         3    ####...
 Frozen Ramparts          Ice            #.....       99%         3    ####...
 Ignite Poison            Fire/Tmut/Pois #.......     99%         3    ####...
 Inner Flame              Hex/Fire       #.......     99%         3    ####...
 Ozocubu's Armour         Chrm/Ice       #.......     99%         3    ####...
 Portal Projectile        Hex/Tloc       #.....       99%         3    ####...
 Spectral Weapon          Hex/Chrm       #.......     99%         3    ####...
 Spider Form              Tmut/Pois      #.........   99%         3    ####...
 Static Discharge         Conj/Air       #.......     99%         3    ####...
 Stone Arrow              Conj/Erth      #.....       99%         3    ####...
 Airstrike                Air            #.........   100%        4    #####..
 Animate Dead             Necr           N/A          100%        4    #####..
 Cause Fear               Hex            #.........   100%        4    #####..
 Dispel Undead            Necr           #.......     100%        4    #####..
 Hailstorm                Conj/Ice       #.......     100%        4    #####..
 Ice Form                 Ice/Tmut       #.......     100%        4    #####..
 Iskenderun's Mystic Bla  Conj/Tloc      #.......     100%        4    #####..
 Leda's Liquefaction      Hex/Erth       #.........   100%        4    #####..
 Passage of Golubria      Tloc           N/A          100%        4    #####..
 Petrify                  Tmut/Erth      #.......     100%        4    #####..
 Summon Ice Beast         Ice/Summ       #.......     100%        4    #####..
 Summon Lightning Spire   Summ/Air       #.......     100%        4    #####..
 Agony                    Necr           #.......     100%        5    ######.
 Blade Hands              Tmut           #.........   100%        5    ######.
 Bolt of Magma            Conj/Fire/Erth #.........   100%        5    ######.
 Borgnjor's Vile Clutch   Necr/Erth      #.........   100%        5    ######.
 Excruciating Wounds      Chrm/Necr      #.........   100%        5    ######.
 Fireball                 Conj/Fire      #.........   100%        5    ######.
 Irradiate                Conj/Tmut      #.........   100%        5    ######.
 Iskenderun's Battlesphe  Conj/Chrm      #.......     100%        5    ######.
 Lee's Rapid Deconstruct  Erth           #.........   100%        5    ######.
 Metabolic Englaciation   Hex/Ice        #.........   100%        5    ######.
 Silence                  Hex/Air        #.........   100%        5    ######.
 Yara's Violent Unravell  Hex/Tmut       #.........   100%        5    ######.
 Conjure Ball Lightning   Conj/Air       #.........   100%        6    #######
 Darkness                 Hex            #.........   100%        6    #######
 Freezing Cloud           Conj/Ice/Air   #.........   100%        6    #######
 Hydra Form               Tmut           #.........   100%        6    #######
 Invisibility             Hex            #.......     100%        6    #######
 Iron Shot                Conj/Erth      #.........   100%        6    #######
 Ozocubu's Refrigeration  Ice            #.........   100%        6    #######
 Shadow Creatures         Summ           N/A          100%        6    #######
 Simulacrum               Ice/Necr       #.........   100%        6    #######
 Starburst                Conj/Fire      #.........   100%        6    #######
 Statue Form              Tmut/Erth      #........    100%        6    #######
 Dragon Form              Tmut           #.........   100%        7    #######
 Haunt                    Necr/Summ      #.........   100%        7    #######
 Orb of Destruction       Conj           #.........   100%        7    #######
 Ring of Flames           Chrm/Fire      #.........   100%        7    #######
 Spellforged Servitor     Conj/Summ      #.........   100%        7    #######
 Borgnjor's Revivificati  Necr           #.........   100%        8    #######
 Death's Door             Chrm/Necr      #.........   100%        8    #######
 Discord                  Hex            #.........   100%        8    #######
 Ignition                 Fire           #.........   100%        8    #######
 Infestation              Necr           #.........   100%        8    #######
 Necromutation            Tmut/Necr      #.........   100%        8    #######
 Dragon's Call            Summ           #.........   100%        9    #######
 Tornado                  Air            #.........   100%        9    #######


Dungeon Overview and Level Annotations

Branches:
Dungeon (15/15)            Temple (1/1) D:6            Lair (6/6) D:9
  Swamp (4/4) Lair:3        Snake (4/4) Lair:2        Slime (0/5) Lair:5
    Orc (2/2) D:11            Elf (3/3) Orc:2        Vaults (5/5) D:14
  Crypt (0/3) Vaults:2     Depths (5/5) D:15            Zot (5/5) Depths:5
  Sewer (visited)          Bailey (visited)          WizLab (visited)

Altars:
Ashenzari
Cheibriados
Dithmenos
Elyvilon
Fedhas
Gozag
Hepliaklqana
Kikubaaqudgha
Makhleb
Nemelex Xobeh
Okawaru
Qazlal
Ru
Sif Muna
Trog
Uskayaw
Vehumet
Wu Jian
Xom
Yredelemnul
Zin
The Shining One
Jiyva

Shops:
D:12 [   D:13 [:   Orc:1 (   Orc:2 [:*(   Elf:1 ?[=   Depths:1 =:=}=*
Depths:3 =**   Depths:5 !

Portals:
Hell: Depths:1 Depths:2 Depths:3 Depths:4 Depths:5
Abyss: Depths:1 Depths:3 Depths:4
Pandemonium: Depths:1 Depths:2 Depths:3
Ziggurat: Depths:5

Annotations:
Zot:5 exclusion: obsidian statue


Innate Abilities, Weirdness & Mutations

You reflexively headbutt those who attack you in melee.
You have a pair of horns on your head.
You possess an exceptional clarity of mind.
Your magical capacity is low. (-10% MP)
You occasionally shout uncontrollably at your foes.


Message History

The orb of fire is lightly damaged.
The orb of fire emits a lurid red light.
The bolt of fire hits you! You resist.
You completely miss the orb of fire. Your headbutt misses the orb of fire.
The orb of fire is lightly damaged.
The orb of fire emits a lurid red light.
The bolt of fire hits you! You resist.
* * * LOW HITPOINT WARNING * * *
The orb of fire glows bright magenta.
The bolt of fire hits you!! You resist.
* * * LOW HITPOINT WARNING * * *
Your crystal plate armour of the Orcish Mines prevents you from hitting the orb of fire.
You headbutt the orb of fire.
The orb of fire is lightly damaged.
The orb of fire glows deep purple.
The bolt of fire hits you!! You resist.
* * * LOW HITPOINT WARNING * * *
The orb of fire emits a lurid red light.
The fireball explodes!
The fireball engulfs you!!! You resist.
You die...

....############# ....# ....#
....# #######################
....# #.....................#
##### #........)............# #
#.........)...........#
########......*.*))......[...####
.............###@....####........
.............# #.....# #........
)............# #.....# #........
############## ####### #########


You could see 2 orbs of fire.

Vanquished Creatures
  Mara (Vaults:2)
  2 orbs of fire (Zot:5)
  3 ancient liches
  the Lernaean hydra (Swamp:4)
  3 Killer Klowns
  Margery (Depths:4)
  Frederick (Depths:5)
  9 golden dragons
  2 curse toes
  Xtahua (Depths:4)
  8 caustic shrikes
  A bone dragon (Depths:5)
  Nikola (Vaults:2)
  the Enchantress (Depths:4)
  The ghost of WaxSun the Spry, an adept MfIE of Nemelex Xobeh (Vaults:2)
  Rupert (Lair:4)
  2 electric golems
  21 Orb Guardians (Zot:5)
  17 tentacled monstrosities
  3 liches
  A titan (Vaults:5)
  2 deep elf blademasters (Elf:3)
  6 quicksilver dragons
  17 death cobs
  3 deep elf master archers (Elf:3)
  7 draconian monks
  Gastronok (D:11)
  8 tengu reavers
  3 thorn hunters
  7 sphinxes
  20 shadow dragons
  14 storm dragons
  5 draconian knights
  6 nagarajas
  18 fire giants
  15 vault wardens
  A ghost moth (Zot:3)
  19 frost giants
  2 iron dragons (Depths:4)
  7 draconian shifters
  2 orc warlords
  6 draconian scorchers
  Louise (D:14)
  9 draconian stormcallers
  4 deep elf elementalists
  9 deep elf sorcerers
  A juggernaut zombie (WizLab)
  20 ironheart preservers
  4 draconian annihilators
  2 war gargoyles (Vaults:5)
  7 spriggan defenders
  25 stone giants
  10 very ugly things
  4 vampire knights
  11 black draconians
  14 deep elf demonologists
  13 yellow draconians
  12 green draconians
  13 deep elf annihilators
  15 white draconians
  A spark wasp (shapeshifter) (Vaults:5)
  14 red draconians
  14 purple draconians
  20 ettins
  A merfolk javelineer (Depths:4)
  Snorg (Lair:4)
  A green death (Depths:2)
  12 deep elf death magi
  A merfolk impaler (Depths:4)
  10 yaktaur captains
  7 deep elf high priests
  Harold (D:7)
  9 ice dragons
  8 fire dragons
  Erolcha (D:9)
  22 hydras
  7 great orbs of eyes
  11 naga warriors
  31 vault guards
  10 rakshasas
  4 spriggan air magi
  Erica (D:9)
  A ghost crab (Swamp:4)
  6 centaur warriors
  16 anacondas
  15 tengu warriors
  12 alligators
  2 death knights
  19 ogre magi
  3 shambling mangroves
  48 two-headed ogres
  2 two-headed ogres (shapeshifter)
  22 dancing weapons
  12 deep troll shamans
  A death yak (D:9)
  4 hell hogs (Depths:1)
  2 deep troll earth magi (Depths:3)
  25 naga sharpshooters
  4 spriggan berserkers
  5 hell knights
  2 shock serpents (Snake:2)
  3 orc high priests (Orc:2)
  A storm dragon zombie (WizLab)
  11 small abominations
  A soul eater (Depths:4)
  6 spriggans
  Sonja (Orc:2)
  25 deep elf knights
  2 shadow wraiths
  14 iron trolls
  A sixfirhy (Depths:2)
  2 salamander mystics
  A spark wasp zombie (Depths:2)
  5 wizards
  10 unseen horrors
  43 deep trolls
  9 swamp dragons
  An infernal demonspawn (Depths:2)
  4 glowing orange brains
  11 naga ritualists
  A flayed ghost (Depths:1)
  3 sea snakes (Snake:1)
  11 deep elf archers
  A glowing orange brain (shapeshifter) (Vaults:5)
  A lindwurm (shapeshifter) (Vaults:5)
  A swamp dragon (shapeshifter) (Vaults:5)
  3 phantasmal warriors
  4 necromancers
  10 mana vipers
  Pikel (D:5)
  An orb spider (shapeshifter) (D:15)
  14 harpies
  A harpy (shapeshifter) (D:15)
  14 ironbrand convokers
  19 orc knights
  4 orc sorcerers
  44 deep elf magi
  40 ugly things
  A wolf spider (shapeshifter) (Vaults:1)
  A salamander (shapeshifter) (Vaults:5)
  5 cyclopes
  A shining eye (shapeshifter) (D:15)
  2 manticores
  10 salamanders
  5 wolf spiders
  10 vault sentinels
  2 guardian serpents (shapeshifter)
  34 moths of wrath
  Joseph (D:8)
  3 guardian serpents
  A titan simulacrum (Vaults:3)
  33 black mambas
  A black mamba (shapeshifter) (Depths:5)
  2 spriggan zombies
  2 torpor snails
  A gargoyle (D:12)
  21 naga magi
  4 orange demons (D:13)
  Psyche (D:9)
  28 spiny frogs
  6 centaur skeletons
  59 yaktaurs
  4 komodo dragons
  A redback zombie (D:14)
  2 rime drakes
  5 freezing wraiths
  3 efreet (Zot:3)
  A komodo dragon (shapeshifter) (Vaults:1)
  A hellwing (Depths:4)
  A spriggan skeleton (Depths:2)
  5 red devils
  4 tengu conjurers
  14 trolls
  A meliai (shapeshifter) (Vaults:3)
  12 hornets
  A queen bee (shapeshifter) (Depths:2)
  3 meliai (D:14)
  20 slime creatures
  9 bog bodies
  14 tyrant leeches
  23 blink frogs
  10 dream sheep
  An ice dragon zombie (WizLab)
  7 hippogriffs
  4 air elementals
  A fire dragon zombie (WizLab)
  A centaur simulacrum (D:14)
  7 water elementals
  An orc simulacrum (Vaults:1)
  6 vampires
  A wraith (D:10)
  3 shadows
  6 basilisks
  5 large abominations
  4 wyverns
  A yak (shapeshifter) (D:15)
  2 tarantellas (shapeshifter) (Vaults:3)
  2 chaos spawn
  8 fire bats (Depths:1)
  4 fire elementals
  3 golden eyes (shapeshifter)
  A human (shapeshifter) (D:14)
  60 yaks
  2 steam dragons
  2 hungry ghosts (D:11)
  30 vampire mosquitoes
  3 insubstantial wisps (Swamp:4)
  9 wargs
  39 nagas
  18 swamp worms
  21 water moccasins
  3 hell hounds (Depths:1)
  2 acid dragons
  9 porcupines
  A floating eye (Depths:2)
  2 ice beasts
  55 orc warriors
  3 sky beasts
  A black bear (shapeshifter) (Depths:5)
  13 swamp drakes
  3 phantoms
  An eye of draining (shapeshifter) (D:15)
  A hornet zombie (D:15)
  An ogre (shapeshifter) (Vaults:1)
  2 black bears
  47 ogres
  A tengu (shapeshifter) (Depths:2)
  An eye of draining (D:11)
  A necrophage (D:11)
  4 boggarts (D:15)
  13 centaurs
  10 wolves (Lair:4)
  12 crocodiles
  An elf zombie (Elf:1)
  A big kobold (shapeshifter) (Depths:3)
  5 big kobolds
  32 bullfrogs
  2 wyvern zombies
  3 earth elementals
  A wyvern skeleton (D:10)
  3 scorpions
  A raiju zombie (WizLab)
  18 killer bees
  A troll zombie (D:11)
  3 wights (D:14)
  2 electric eels
  A jelly (D:5)
  A vampire bat (Lair:2)
  2 centaur zombies (D:11)
  13 crimson imps
  7 quasits
  8 hounds
  22 orc priests
  23 orc wizards
  3 bullfrog skeletons
  A gnoll shaman (D:9)
  2 iron imps
  5 iguanas
  5 hell rats (Lair:5)
  9 worker ants
  7 ogre zombies (D:11)
  13 gnolls
  18 adders
  A howler monkey skeleton (D:10)
  2 shadow imps
  4 ufetubi (Depths:2)
  An ooze (D:2)
  2 adder skeletons
  5 worms
  4 dart slugs
  6 leopard geckos
  100 orcs
  6 ball pythons (Sewer)
  7 giant cockroaches
  23 goblins
  34 hobgoblins
  12 jackals
  13 bats
  8 frilled lizards
  A goblin skeleton (D:11)
  2 goblin zombies (D:11)
  A hobgoblin skeleton (D:11)
  3 hobgoblin zombies (D:11)
  21 kobolds
  A leopard gecko skeleton (D:5)
  A leopard gecko zombie (D:9)
  3 orc skeletons (D:11)
  15 orc zombies (D:11)
  12 rats
  2 crawling corpses
  A fire vortex (Depths:1)
  11 fungi
  18 plants
2475 creatures vanquished.

Vanquished Creatures (collateral kills)
  2 draconian scorchers (Zot:3)
  A red draconian (Zot:3)
  A white draconian (Zot:3)
  A moth of wrath (Zot:3)
5 creatures vanquished.

Vanquished Creatures (others)
  A tentacled monstrosity (Zot:3)
  A fire giant (Depths:5)
  A yellow draconian (Depths:5)
  2 hydras (Swamp:4)
  An alligator (Swamp:3)
  A moth of wrath (Zot:3)
  A hornet (Swamp:4)
  A water elemental (Elf:3)
  An insubstantial wisp (Swamp:4)
  A swamp drake (Swamp:4)
  A giant cockroach (D:5)
  2 briar patches (Swamp:2)
  15 fungi
  29 plants
58 creatures vanquished.

Grand Total: 2538 creatures vanquished

Notes
Turn   | Place    | Note
-------+----------+-------------------------------------------
     0 | D:1      | radhat240 the Minotaur Fighter began the quest for the Orb.
     0 | D:1      | Reached XP level 1. HP: 19/19 MP: 0/0
   121 | D:1      | Reached XP level 2. HP: 27/27 MP: 1/1
   167 | D:1      | Reached XP level 3. HP: 20/33 MP: 2/2
   742 | D:2      | Reached XP level 4. HP: 40/40 MP: 3/3
   870 | D:2      | Found a radiant altar of Vehumet.
   871 | D:2      | Found a basalt altar of Yredelemnul.
   872 | D:2      | Found a shadowy altar of Dithmenos.
  1895 | D:3      | Reached XP level 5. HP: 47/47 MP: 4/4
  2414 | D:4      | Noticed a moth of wrath
  2417 | D:4      | Found a bloodstained altar of Trog.
  2426 | D:4      | Reached skill level 5 in Armour
  2587 | D:5      | Entered Level 5 of the Dungeon
  2679 | D:5      | Noticed an ice beast
  2694 | D:5      | Killed an ice beast
  2694 | D:5      | Reached skill level 5 in Fighting
  2694 | D:5      | Reached skill level 5 in Shields
  2694 | D:5      | Reached XP level 6. HP: 46/56 MP: 5/5
  2814 | D:5      | Noticed a slave
  2814 | D:5      | Noticed a slave
  2816 | D:5      | Noticed Pikel
  2818 | D:5      | Noticed a slave
  2842 | D:5      | Noticed a slave
  2860 | D:5      | Killed Pikel
  2860 | D:5      | Reached skill level 5 in Axes
  2860 | D:5      | Reached XP level 7. HP: 54/63 MP: 6/6
  2999 | D:5      | Reached XP level 8. HP: 69/71 MP: 7/7
  3380 | D:6      | Found a staircase to the Ecumenical Temple.
  3394 | D:6      | Found a glowing drain.
  3419 | Sewer    | Entered a sewer
  4166 | D:6      | Found a shattered altar of Ashenzari.
  4212 | D:6      | You fall into a shaft and drop 2 floors!
  4237 | D:8      | Noticed Joseph
  4246 | D:8      | Found a flagged portal.
  4246 | D:8      | Noticed a two-headed ogre
  4247 | D:8      | Noticed a two-headed ogre
  4255 | Bailey   | Entered a bailey
  4522 | Bailey   | Noticed an orc knight
  4522 | Bailey   | Noticed an orc warlord
  4522 | Bailey   | Noticed an orc knight
  4524 | Bailey   | Killed an orc knight
  4524 | Bailey   | Reached XP level 9. HP: 80/81 MP: 8/8
  4532 | Bailey   | Killed an orc knight
  4538 | Bailey   | Killed an orc warlord
  4538 | Bailey   | Reached XP level 10. HP: 80/91 MP: 9/9
  4631 | Bailey   | Got a flickering jade ring
  4685 | Bailey   | Identified 2 scrolls of acquirement
  4685 | Bailey   | Acquired the +10 crystal plate armour of the Orcish Mines
                  | {rF+ Str+2 Dex+3}
  4687 | Bailey   | Acquired 2700 gold pieces
  4690 | Bailey   | Identified the ring of Keihuv {MR++ MP+9} (You found it in
                  | a bailey)
  4790 | D:7      | Found a sacrificial altar of Ru.
  4802 | D:7      | Found a white marble altar of Elyvilon.
  5149 | D:6      | Found an ancient bone altar of Kikubaaqudgha.
  5272 | Temple   | Entered the Ecumenical Temple
  5352 | Temple   | Became a worshipper of Makhleb the Destroyer
  5629 | D:6      | Reached skill level 10 in Armour
  5812 | D:7      | Noticed Harold
  5826 | D:7      | Killed Harold
  5826 | D:7      | Reached skill level 10 in Fighting
  5826 | D:7      | Reached skill level 10 in Shields
  6549 | D:8      | Killed Joseph
  6549 | D:8      | Reached skill level 10 in Axes
  6564 | D:8      | Killed a two-headed ogre
  6720 | D:8      | Killed a two-headed ogre
  6720 | D:8      | Reached XP level 11. HP: 97/101 MP: 10/10
  6926 | D:9      | Noticed Erolcha
  6940 | D:9      | Killed Erolcha
  7021 | D:9      | Reached * piety under Makhleb
  7168 | D:9      | Noticed Erica
  7176 | D:9      | Noticed Psyche
  7181 | D:9      | Killed Erica
  7186 | D:9      | Killed Psyche
  7350 | D:9      | Found a staircase to the Lair.
  7350 | D:9      | Noticed a death yak
  7356 | D:9      | Killed a death yak
  7456 | D:9      | Found a snail-covered altar of Cheibriados.
  8114 | D:10     | Entered Level 10 of the Dungeon
  8244 | D:10     | Reached ** piety under Makhleb
  8841 | D:10     | Noticed an unseen horror
  8841 | D:10     | Noticed an ogre mage
  8858 | D:10     | Killed an ogre mage
  8858 | D:10     | Reached XP level 12. HP: 88/112 MP: 11/11
  9050 | D:11     | Reached *** piety under Makhleb
  9127 | D:11     | Noticed a two-headed hydra
  9134 | D:11     | Killed a seven-headed hydra
  9249 | D:11     | Found a staircase to the Orcish Mines.
  9289 | D:11     | Reached **** piety under Makhleb
  9485 | D:11     | Noticed a two-headed ogre
  9490 | D:11     | Killed a two-headed ogre
  9543 | D:11     | Noticed Gastronok
  9553 | D:11     | Killed Gastronok
  9734 | D:11     | Reached ***** piety under Makhleb
 10181 | D:12     | Found Futronu's Armour Boutique.
 10187 | D:12     | Bought a +0 tower shield of protection for 149 gold pieces
 10246 | D:12     | Reached XP level 13. HP: 122/122 MP: 12/12
 10447 | D:12     | Found an opulent altar of Gozag.
 11250 | D:13     | Found Kot Dyt's Antique Armour Shoppe.
 11426 | D:13     | Found Emyit's Book Boutique.
 11857 | D:14     | Noticed a fire dragon
 11866 | D:14     | Killed a fire dragon
 12072 | D:14     | Found a gate to the Vaults.
 12171 | D:14     | Noticed Louise
 12195 | D:14     | Killed Louise
 12883 | D:15     | Entered Level 15 of the Dungeon
 12989 | D:15     | Reached ****** piety under Makhleb
 13005 | D:15     | Found a shimmering altar of Xom.
 13056 | D:15     | Reached XP level 14. HP: 133/133 MP: 13/13
 13523 | D:15     | Reached skill level 15 in Armour
 13529 | D:15     | Found the +10 Black Knight's horse barding {ponderous,
                  | rPois rN+}
 13536 | D:15     | Reached skill level 15 in Shields
 13539 | D:15     | Reached skill level 15 in Fighting
 14015 | D:15     | Reached skill level 15 in Axes
 14069 | D:15     | Found a staircase to the Depths.
 14197 | Lair:1   | Entered Level 1 of the Lair of Beasts
 15007 | Lair:2   | Found a staircase to the Snake Pit.
 16244 | Lair:3   | Found a staircase to the Swamp.
 16973 | Lair:4   | Noticed Snorg
 16983 | Lair:4   | Killed Snorg
 17054 | Lair:4   | Reached XP level 15. HP: 124/143 MP: 14/14
 17118 | Lair:4   | Noticed Rupert
 17118 | Lair:4   | Paralysed by Rupert for 7 turns
 17130 | Lair:4   | Paralysed by Rupert for 4 turns
 17138 | Lair:4   | Killed Rupert
 17388 | Lair:5   | Found a viscous altar of Jiyva.
 17388 | Lair:5   | Found a staircase to the Slime Pits.
 18197 | Lair:6   | Entered Level 6 of the Lair of Beasts
 19756 | Swamp:1  | Entered Level 1 of the Swamp
 20628 | Swamp:2  | Noticed a thorn hunter
 20642 | Swamp:2  | Killed a thorn hunter
 20853 | Swamp:2  | Reached XP level 16. HP: 138/154 MP: 15/15
 21019 | Swamp:2  | You fall into a shaft and drop 1 floor!
 21328 | Swamp:3  | Noticed a thorn hunter
 21335 | Swamp:3  | Killed a thorn hunter
 22216 | Swamp:4  | Entered Level 4 of the Swamp
 22653 | Swamp:4  | Noticed the 27-headed Lernaean hydra
 22659 | Swamp:4  | Noticed a thorn hunter
 23467 | Swamp:4  | Killed the 26-headed Lernaean hydra
 23744 | Swamp:4  | Killed a thorn hunter
 24154 | Swamp:4  | Got a decaying rune of Zot
 24907 | Orc:1    | Entered Level 1 of the Orcish Mines
 24907 | Orc:1    | Found Detay's Antique Weapon Shop.
 25200 | Orc:2    | Entered Level 2 of the Orcish Mines
 25259 | Orc:2    | Found a staircase to the Elven Halls.
 25376 | Orc:2    | Found Wenne's Book Shoppe.
 25421 | Orc:2    | Reached XP level 17. HP: 163/163 MP: 16/16
 25421 | Orc:2    | Noticed Sonja
 25438 | Orc:2    | Killed Sonja
 25554 | Orc:2    | Found Qibux's General Store.
 25593 | Orc:2    | Found Laopot's Antique Armour Shop.
 25765 | Orc:2    | Bought a scroll of identify for 34 gold pieces
 25765 | Orc:2    | Bought a scroll of enchant weapon for 127 gold pieces
 25910 | Orc:2    | Found Itubi Vaug's Antique Weapon Boutique.
 26195 | Elf:1    | Entered Level 1 of the Elven Halls
 26282 | Elf:1    | Identified Fumit's Volume of Evil
 26390 | Elf:1    | Found Iteawnull's Food Boutique.
 26396 | Elf:1    | Found Umuxaa Wiam's Jewellery Boutique.
 26396 | Elf:1    | Found Noull's Magic Scroll Shop.
 26396 | Elf:1    | Found Etasomarph's Antique Armour Shop.
 26429 | Elf:1    | Bought a ration for 50 gold pieces
 26429 | Elf:1    | Bought a ration for 50 gold pieces
 26429 | Elf:1    | Bought a ration for 50 gold pieces
 26429 | Elf:1    | Bought a ration for 50 gold pieces
 26429 | Elf:1    | Bought a ration for 50 gold pieces
 26429 | Elf:1    | Bought a ration for 50 gold pieces
 26429 | Elf:1    | Bought a ration for 50 gold pieces
 26429 | Elf:1    | Bought a ration for 50 gold pieces
 26429 | Elf:1    | Bought a ration for 50 gold pieces
 26429 | Elf:1    | Bought a ration for 50 gold pieces
 26429 | Elf:1    | Bought a ration for 50 gold pieces
 26429 | Elf:1    | Bought a ration for 50 gold pieces
 26429 | Elf:1    | Bought a ration for 50 gold pieces
 26432 | Elf:1    | Bought the amulet of the Stag {Reflect rPois rF- Slay+2
                  | SH+5} for 511 gold pieces
 26440 | Elf:1    | Bought a scroll of fog for 26 gold pieces
 26440 | Elf:1    | Bought a scroll of brand weapon for 260 gold pieces
 26440 | Elf:1    | Bought a scroll of identify for 26 gold pieces
 26440 | Elf:1    | Bought a scroll of teleportation for 39 gold pieces
 26440 | Elf:1    | Bought a scroll of teleportation for 39 gold pieces
 26440 | Elf:1    | Bought a scroll of enchant armour for 97 gold pieces
 26440 | Elf:1    | Bought a scroll of immolation for 45 gold pieces
 26440 | Elf:1    | Bought a scroll of identify for 26 gold pieces
 26440 | Elf:1    | Bought a scroll of enchant armour for 97 gold pieces
 26440 | Elf:1    | Bought 3 scrolls of teleportation for 117 gold pieces
 27470 | Elf:2    | Found a huge runed translucent gate.
 27470 | Elf:2    | Found a huge runed translucent gate.
 27470 | Elf:2    | Found a huge runed translucent gate.
 27471 | Elf:2    | Found a huge runed translucent gate.
 27473 | Elf:2    | Found a huge runed translucent gate.
 28183 | Elf:3    | Entered Level 3 of the Elven Halls
 28215 | Elf:3    | Found a huge runed gate.
 28215 | Elf:3    | Found a huge runed gate.
 28215 | Elf:3    | Found a huge runed gate.
 28236 | Elf:3    | Found a huge runed gate.
 28291 | Elf:3    | Found a huge runed gate.
 28292 | Elf:3    | Found a huge runed gate.
 28301 | Elf:3    | Found a huge runed gate.
 28301 | Elf:3    | Found a huge runed gate.
 28301 | Elf:3    | Found a huge runed gate.
 28301 | Elf:3    | Found a huge runed gate.
 28302 | Elf:3    | Found a huge runed gate.
 28303 | Elf:3    | Found a huge runed gate.
 28367 | Elf:3    | Noticed a deep elf blademaster
 28374 | Elf:3    | Killed a deep elf blademaster
 28383 | Elf:3    | Noticed a Tzitzimitl
 28402 | Elf:3    | Reached XP level 18. HP: 174/174 MP: 17/17
 28413 | Elf:3    | Noticed a Tzitzimitl
 28446 | Elf:3    | Noticed a Tzitzimitl
 28459 | Elf:3    | Got a twitching zirconium amulet
 28481 | Elf:3    | Identified the amulet "Naulir" {rPois MR+ Regen+ Int-4
                  | Dex+6} (You found it on level 3 of the Elven Halls)
 28548 | Elf:3    | Identified the ring "Muotain" {*Tele Str-2 Dex+5}
 28601 | Elf:3    | Found the amulet of the Air {Inacc +Fly rElec EV+5 RMsl}
 28612 | Elf:3    | Identified Womuec's Papyrus of Destructive Protection
 28614 | Elf:3    | Identified the Papyrus of Evil
 28620 | Elf:3    | Identified the Incunabulum of the Arsonist
 28823 | Elf:3    | Identified Luiqacs's Incunabulum of the Ensnaring Escort
 28830 | Elf:3    | Identified the Almanac of Igneous Combat Magic
 28839 | Elf:3    | Identified a +2 pair of boots of running (You found it on
                  | level 3 of the Elven Halls)
 29016 | Elf:3    | Found a huge runed gate.
 29016 | Elf:3    | Found a huge runed gate.
 29016 | Elf:3    | Found a huge runed gate.
 29020 | Elf:3    | Found a huge runed gate.
 29021 | Elf:3    | Found a huge runed gate.
 29038 | Elf:3    | Found a huge runed gate.
 29039 | Elf:3    | Found a huge runed gate.
 29072 | Elf:3    | Found a huge runed gate.
 29072 | Elf:3    | Found a huge runed gate.
 29074 | Elf:3    | Found a huge runed gate.
 29074 | Elf:3    | Found a huge runed gate.
 29160 | Elf:3    | Noticed a Hell Sentinel
 29669 | Vaults:1 | Entered Level 1 of the Vaults
 30300 | Vaults:1 | Reached XP level 19. HP: 184/184 MP: 18/18
 30567 | Vaults:1 | Paralysed by a great orb of eyes for 3 turns
 31092 | Vaults:2 | Found a runed translucent door.
 31092 | Vaults:2 | Found a shimmering altar of Xom.
 31092 | Vaults:2 | Noticed WaxSun's ghost (adept MfIE)
 31191 | Vaults:2 | Noticed Mara
 31212 | Vaults:2 | Killed Mara
 31323 | Vaults:2 | You fall into a shaft and drop 1 floor!
 31397 | Vaults:2 | Noticed Nikola
 31416 | Vaults:2 | Killed Nikola
 32374 | Vaults:2 | Found a staircase to the Crypt.
 32649 | Vaults:2 | Killed WaxSun's ghost
 33200 | Vaults:3 | Reached XP level 20. HP: 195/195 MP: 19/19
 34397 | Vaults:4 | Found an opulent altar of Gozag.
 35739 | Vaults:5 | Entered Level 5 of the Vaults
 35751 | Vaults:5 | Reached XP level 21. HP: 206/206 MP: 20/20
 35842 | Vaults:5 | Paralysed by a floating eye for 3 turns
 35874 | Vaults:5 | Identified the +4 triple sword of the Desert {freeze, rF++
                  | MR+ Dex-3 Stlth+}
 35874 | Vaults:5 | Identified the ring of Pomnuddy {rF+ rN++}
 36049 | Vaults:5 | Got a pitted helmet
 36050 | Vaults:5 | Identified the cursed +0 helmet of Cheibriados's Approval
                  | {rF- rCorr Str+3} (You found it on level 5 of the Vaults)
 36064 | Vaults:5 | Got a silver rune of Zot
 36282 | Vaults:5 | Noticed an ancient lich
 36292 | Vaults:5 | Killed an ancient lich
 36400 | Vaults:5 | Identified the Almanac of Feathery Execration
 36603 | Vaults:5 | Reached XP level 22. HP: 217/217 MP: 21/21
 36851 | Vaults:5 | Noticed a golden dragon
 36859 | Vaults:5 | Killed a golden dragon
 37602 | Vaults:5 | Got a brightly glowing platinum amulet
 37603 | Vaults:5 | Identified the amulet "Pocwutoj" {Reflect rPois rF+ Dex+4
                  | SH+5} (You found it on level 5 of the Vaults)
 37605 | Vaults:5 | Acquired 6 rations
 37611 | Vaults:5 | Acquired 3 rations
 37935 | Snake:1  | Entered Level 1 of the Snake Pit
 38747 | Snake:2  | Reached skill level 1 in Invocations
 39721 | Snake:4  | Entered Level 4 of the Snake Pit
 39954 | Snake:4  | Reached XP level 23. HP: 227/227 MP: 24/24
 40109 | Snake:4  | Got a serpentine rune of Zot
 40875 | Depths:1 | Entered Level 1 of the Depths
 40875 | Depths:1 | Found a magical portal.
 40898 | WizLab   | Entered Doroklohe's Tomb
 41174 | WizLab   | Noticed a greater mummy
 41765 | Depths:1 | Found a gateway to Hell.
 41846 | Depths:1 | Found Hoifiemm's Jewellery Shop.
 41888 | Depths:1 | Found Quzayc's Book Boutique.
 42015 | Depths:1 | Found Enejieq's Jewellery Shop.
 42016 | Depths:1 | Found Tegelebb's Gadget Emporium.
 42018 | Depths:1 | Found Puxkaxus's Jewellery Shop.
 42046 | Depths:1 | Found a one-way gate to the infinite horrors of the Abyss.
 42425 | Depths:1 | Found a one-way gate leading to the halls of Pandemonium.
 42460 | Depths:1 | Found Lorach Rimast's Assorted Antiques.
 42470 | Depths:1 | Bought a potion of haste for 320 gold pieces
 42470 | Depths:1 | Bought a scroll of identify for 64 gold pieces
 42470 | Depths:1 | Bought a scroll of identify for 64 gold pieces
 43468 | Depths:2 | Reached skill level 5 in Invocations
 43485 | Depths:2 | Paralysed by a floating eye for 2 turns
 44257 | Depths:3 | Found Azynweq's Jewellery Shop.
 44259 | Depths:3 | Found Zimiwoq's General Store.
 44261 | Depths:3 | Found Bif Potri's Assorted Antiques.
 44283 | Depths:3 | Bought a scroll of acquirement for 1872 gold pieces
 44283 | Depths:3 | Bought a scroll of identify for 72 gold pieces
 44283 | Depths:3 | Bought a scroll of brand weapon for 720 gold pieces
 44283 | Depths:3 | Bought a scroll of immolation for 126 gold pieces
 44287 | Depths:3 | Acquired 6 rations
 44289 | Depths:3 | Bought a ration for 125 gold pieces
 44289 | Depths:3 | Bought a scroll of teleportation for 75 gold pieces
 44289 | Depths:3 | Bought 2 scrolls of immolation for 175 gold pieces
 44426 | Depths:3 | Reached XP level 24. HP: 238/238 MP: 26/26
 45567 | Depths:4 | Noticed the Enchantress
 45600 | Depths:4 | Killed the Enchantress
 45732 | Depths:4 | Found the +8 lance "Wyrmbane" {slay drac, rPois rF+ rC+
                  | AC+3}
 45818 | Depths:4 | Noticed Margery
 45841 | Depths:4 | Killed Margery
 45927 | Depths:4 | Noticed Xtahua
 45928 | Depths:4 | You fall into a shaft and drop 1 floor!
 45928 | Depths:5 | Entered Level 5 of the Depths
 46196 | Depths:5 | Found a gate to the Realm of Zot.
 46575 | Depths:4 | Killed Xtahua
 46595 | Depths:4 | Reached XP level 25. HP: 241/241 MP: 27/27
 47122 | Depths:5 | Found a gateway to a ziggurat.
 47236 | Depths:5 | Noticed Frederick
 47253 | Depths:5 | Killed Frederick
 47340 | Depths:5 | Found Lexyapio's Distillery.
 47368 | Depths:5 | Bought a potion of lignification for 63 gold pieces
 47368 | Depths:5 | Bought a potion of curing for 63 gold pieces
 47368 | Depths:5 | Bought a potion of curing for 63 gold pieces
 47368 | Depths:5 | Bought a potion of resistance for 210 gold pieces
 48461 | Zot:1    | Entered Level 1 of the Realm of Zot
 49453 | Zot:2    | Reached skill level 27 in Axes
 49535 | Zot:2    | Reached XP level 26. HP: 253/253 MP: 28/28
 50455 | Zot:3    | Reached skill level 10 in Invocations
 50531 | Zot:3    | You fall into a shaft and drop 1 floor!
 51397 | Zot:3    | Reached XP level 27. HP: 271/271 MP: 30/30
 52314 | Zot:4    | Reached skill level 27 in Shields
 52317 | Zot:4    | Reached skill level 27 in Fighting
 52352 | Zot:4    | Reached skill level 27 in Armour
 52548 | Zot:5    | Entered Level 5 of the Realm of Zot
 53024 | Zot:5    | Noticed an orb of fire
 53029 | Zot:5    | Noticed an ancient lich
 53030 | Zot:5    | Noticed an orb of fire
 53034 | Zot:5    | Noticed an ancient lich
 53039 | Zot:5    | Noticed an ancient lich
 53039 | Zot:5    | Noticed an orb of fire
 53041 | Zot:5    | Killed an orb of fire
 53042 | Zot:5    | Noticed an orb of fire
 53045 | Zot:5    | Gained mutation: You possess an exceptional clarity of
                  | mind. [an orb of fire]
 53046 | Zot:5    | Noticed an ancient lich
 53046 | Zot:5    | Noticed an orb of fire
 53119 | Zot:5    | Noticed an ancient lich
 53123 | Zot:5    | Reached skill level 15 in Invocations
 53136 | Zot:5    | Killed an ancient lich
 53139 | Zot:5    | Killed an orb of fire
 53139 | Zot:5    | Noticed an orb of fire
 53155 | Zot:5    | HP: 8/273 [purple draconian/bolt of dispelling energy (41)]
 53195 | Zot:5    | Gained mutation: You occasionally shout uncontrollably at
                  | your foes. [an orb of fire]
 53226 | Zot:5    | Killed an ancient lich
 53226 | Zot:5    | Gained mutation: Your magical capacity is low. (-10% MP)
                  | [an orb of fire]
 53229 | Zot:5    | Killed from afar by an orb of fire

Illustrated notes

Levels and vault maps discovered:
D:1:      dpeg_arrival_snail, layout_basic
D:2:      layout_basic, chequers_temple_overflow_statue_of_worship,
          minmay_hedge_maze, minmay_misc_feat_five
D:3:      layout_basic
D:4:      layout_loops_ring, tgw_trog, first_ration, minmay_distorted
D:5:      layout_basic, kennysheep_nub, minmay_fractal_squares_diagonal_5,
          uniq_pikel
D:6:      layout_loops_ring, kennysheep_mini_moat,
          minmay_temple_entry_overgrown, gup_sewer_entry_glass,
          cheibrodos_ashenzari_chains
D:7:      layout_layer_cave, nicolae_overflow_crystal_walls,
          lemuel_doored_altar, uniq_harold
D:8:      layout_rooms, enter_bailey_6, uniq_joseph
D:9:      layout_layer_cave, cheibriados_altar_1, david_lair_generic,
          uniq_psyche, uniq_erica, uniq_erolcha
D:10:     minmay_slanted_spiral_squares, layout_loops_ring
D:11:     layout_long_grid, zombieorc2_lemuel, hangedman_ranch
          [blue_anna_fruit_fields], uniq_gastronok
D:12:     layout_loops_ring, serial_shops, shop, chequers_avenue,
          nicolae_gozag_seed_capital
D:13:     layout_basic, serial_shops, shop, nicolae_shop_crystal,
          minmay_beelzebubs_servants
D:14:     layout_grid_maze, david_vaults_5, minmay_misc_feat_room, uniq_louise
D:15:     gammafunk_enter_depths_forms, layout_stronghold,
          corexii_hall_statues_i, basic_altar
Temple:   eino_narrow_crystal_temple
Lair:1:   layout_loops_ring, infiniplex_staircase_pool
Lair:2:   layout_loops_ring, minmay_snake_entry_six_corridors, roderic_batcave
Lair:3:   layout_loops_ring, nicolae_swamp_entry_splash_gauntlet,
          grunt_megastairs_5, lemuel_fruit_tree
Lair:4:   layout_cellular_growth, kennysheep_catoblepas_arena, uniq_snorg,
          uniq_rupert
Lair:5:   layout_cave_pods, slime_altar_1, beast_lair_carwin_9,
          grunt_megastairs_1
Lair:6:   minmay_lair_end_frog_pond, layout_layer_cave
Swamp:1:  layout_falls_marsh, evilmike_swamp_ruin_rubble_2
Swamp:2:  layout_falls_marsh, hangedman_swamp_ruin_hall
Swamp:3:  layout_falls_marsh, nicolae_swamp_dense_foliage, swamp_pool4
Swamp:4:  swamp_old_school, layout_basic_swamp
Snake:1:  layout_misc_corridors, serial_bayou_shore_a, grunt_megastairs_2
Snake:2:  layout_cave_shapes
Snake:3:  layout_misc_corridors, serial_bayou_shore_b
Snake:4:  snake_pit, layout_cave_town
Orc:1:    layout_caves, serial_shops, nicolae_shop_statue_plus
Orc:2:    grunt_orc_gardens, layout_caves, grunt_orc_garden, grunt_orc_garden,
          grunt_orc_garden, grunt_orc_garden, uniq_sonja
Elf:1:    layout_geoelf_diagonals, minmay_elf_necromancy, nooodl_food_tri,
          minmay_shoptagon
Elf:2:    layout_geoelf_octagon
Elf:3:    minmay_elf_hall_not_hex, layout_rooms, door_vault
Vaults:1: v_rooms_4, nicolae_vaults_network_square, v_pattern_3,
          hangedman_vaults_nails, nicolae_vaults_border_crossing,
          vaults_dpeg_hooks, layout_vaults_omnigrid
Vaults:2: ebering_vaults_ghost_xom, nicolae_vaults_ring_of_whatevers,
          hangedman_vaults_stream, v_misc_11, v_misc_12, nicolae_vaults_theta,
          minmay_crypt_entry_vampire_xt, v_misc_3, v_pattern_5,
          grunt_vaults_hallway_short, hangedman_vaults_cutoff,
          hangedman_vaults_impose, nicolae_vaults_hallways_thing,
          layout_vaults_maze_bifur, uniq_mara, uniq_nikola
Vaults:3: v_misc_3, v_misc_12, nicolae_vaults_network_barrier,
          nicolae_vaults_meeting, ontoclasm_vaults_gateway,
          vaults_dpeg_diagonal, hangedman_vaults_maws, v_misc_8,
          ontoclasm_vaults_loading_screen, v_misc_17, grunt_vaults_bifocal,
          ontoclasm_vaults_eye, layout_vaults_omnibox
Vaults:4: hangedman_vaults_slice, vaults_mumra_hexcomb,
          nicolae_vaults_little_squares_5, nicolae_vaults_stairing_the_circle,
          vaults_mumra_minichess_inversion, nicolae_vaults_triangles,
          grunt_vaults_diagonal, st_quartered_hall, ontoclasm_vaults_spin,
          nicolae_vaults_gold_heap, layout_vaults_chaotic_city, basic_altar
Vaults:5: serial_shops
Depths:1: layout_gridlike, nicolae_lava_and_water, serial_shops, shop,
          nicolae_shop_trees, shop, pan_entry, abyss_entry, grunt_hell_horde,
          lightli_enter_wizlab_magi_temple, st_stairs_11, kennysheep_boxes,
          minmay_shop_grove, serial_bayou_shore_b
Depths:2: evilmike_diamond_2, layout_long_grid, grunt_pan_entry_spiral,
          hex_medium, hangedman_geh_valley
Depths:3: minmay_mutant_horseshoe, layout_long_grid, rand_demon_pan_entry_5,
          infiniplex_staircase_x, minmay_room_of_horrors, hell_entry,
          serial_bayou_shore_b, minmay_shop_star
Depths:4: grunt_deathspiral_small, layout_gridlike, infiniplex_staircase_star,
          hellmouth_1, abyss_entry, uniq_xtahua, uniq_enchantress, uniq_margery
Depths:5: evilmike_zot_entry_argh, layout_basic, enter_ziggurat_d, hell_entry,
          serial_shops, nicolae_shop_crystal, uniq_frederick
Zot:1:    layout_misc_corridors, grunt_ministairs_13
Zot:2:    layout_concentric_octagons
Zot:3:    lemuel_halls_of_wrath, layout_concentric_octagons, zot_minivault_5
Zot:4:    layout_onion_interference
Zot:5:    layout_cellular_growth

Skill      XL: |  1  2  3  4  5  6  7  8  9 10 11 12 13 14 15 16 17 18 19 20 21 22 23 24 25 26 27 |
---------------+----------------------------------------------------------------------------------+-----
Fighting       | 4 5 6 8 9 10 12 13 14 15 16 17 18 19 20 21 22 23 24 25 26 27 | 27.0
Armour         | 4 5 6 8 9 10 12 13 14 15 16 18 19 20 21 22 23 24 25 26 27 | 27.0
Shields        | 4 5 6 8 9 10 12 13 14 15 16 17 18 19 20 21 22 23 24 25 26 27 | 27.0
Axes           | 3 4 5 6 7 9 10 11 13 14 15 16 17 18 20 22 23 24 25 26 27 | 27.0
Invocations    | 3 5 7 9 10 16 | 16.3
Dodging        | |  0.6

Action                   |  1- 3 |  4- 6 |  7- 9 | 10-12 | 13-15 | 16-18 | 19-21 | 22-24 | 25-27 || total
-------------------------+-------+-------+-------+-------+-------+-------+-------+-------+-------++-------
Melee: War axe           |    70 |   129 |   254 |    11 |       |       |       |       |       ||   464
       Headbutt          |    11 |    21 |    58 |   104 |   267 |   287 |   293 |   353 |   318 ||  1712
       Broad axe         |       |       |       |   453 |  1023 |   963 |   848 |  1171 |   959 ||  5417
Throw: Javelin           |       |       |     5 |     4 |     4 |    19 |     2 |       |     5 ||    39
Invok: Greater Servant o |       |       |       |       |       |       |       |       |     6 ||     6
Evoke: Wand              |       |       |       |       |     3 |       |       |       |     4 ||     7
  Use: Scroll            |     4 |       |     5 |    15 |    29 |    27 |     9 |    12 |    11 ||   112
       Potion            |       |       |     2 |       |       |     2 |       |     5 |    11 ||    20
 Stab: Confused          |       |       |       |       |     1 |       |       |     1 |     1 ||     3
       Distracted        |       |       |       |       |       |     1 |       |     2 |     2 ||     5
  Eat: Chunk             |       |     6 |     4 |    14 |     6 |    13 |     9 |    14 |     2 ||    68
       Ration            |       |       |     1 |     2 |     9 |     5 |     3 |     5 |     6 ||    31
Armor: Scale mail        |    24 |    55 |       |       |       |       |       |       |       ||    79
       Plate armour      |       |    13 |    91 |   249 |   185 |       |       |       |       ||   538
       Crystal plate arm |       |       |       |       |   534 |   705 |   275 |   329 |   630 ||  2473
Dodge: Dodged            |    21 |    38 |    52 |   116 |   168 |   153 |    70 |    90 |   193 ||   901
Block: Kite shield       |    32 |    72 |   143 |   331 |       |       |       |       |       ||   578
       Tower shield      |       |       |       |    21 |  1115 |  1195 |   951 |  1563 |  1664 ||  6509
       Reflection        |       |       |       |       |       |    63 |    63 |   182 |    21 ||   329
